 Dungeon Crawl Stone Soup version 0.30-a0-778-g2ef04afb54 (webtiles) character file.

Game seed: 16971776035907502941

200 NinjaNoafa the Caller (level 5, 0/35 HPs)
             Began as a Merfolk Summoner on Feb 15, 2023.
             Constricted to death by Natasha (3 damage)
             ... on level 3 of the Dungeon on Feb 16, 2023.
             The game lasted 00:15:20 (1889 turns).

NinjaNoafa the Caller (Merfolk Summoner)            Turns: 1889, Time: 00:15:21

Health: 0/35       AC:  4    Str:  9    XL:     5   Next: 78%
Magic:  10/10      EV:  9    Int: 16    God:
Gold:   172        SH:  0    Dex: 14    Spells: 5/11 levels left

rFire   . . .      SeeInvis .    q - +0 halberd
rCold   . . .      Faith    .    (shield currently unavailable)
rNeg    . . .      Spirit   .    a - +0 robe
rPois   .          Reflect  .    (no helmet)
rElec   .          Harm     .    p - +0 cloak
rCorr   .          Rampage  .    (no gloves)
Will    +....                    f - +0 pair of boots
Stlth   ++                       (no amulet)
HPRegen 0.25/turn                r - ring of willpower
MPRegen 0.12/turn                (no ring)

@: grasped by roots, constricted
A: (nimble swimmer 2), mertail
a: no special abilities


You were on level 3 of the Dungeon.
You visited 1 branch of the dungeon, and saw 3 of its levels.

You collected 172 gold pieces.

Inventory:

Hand Weapons
 q - a +0 halberd (weapon)
Missiles
 s - 6 boomerangs of dispersal
Armour
 a - a +0 robe (worn)
 f - a +0 pair of boots (worn)
 p - a +0 cloak (worn)
Magical Staves
 c - a staff of poison
Jewellery
 r - a ring of willpower (left hand)
Wands
 n - a wand of flame (24)
Scrolls
 d - 2 scrolls of identify {unknown}
 h - 2 scrolls of teleportation
 i - a scroll of magic mapping {unknown}
 l - a scroll of torment {unknown}
 o - a scroll of poison {unknown}
 t - 2 scrolls of noise {unknown}
 u - a scroll of fear {unknown}
Potions
 e - a potion of lignification {unknown}
 g - 2 potions of mutation {unknown}
 j - 2 potions of curing
 k - a potion of might {unknown}
 m - a potion of heal wounds {unknown}


   Skills:
 * Level 3.1 Polearms
 - Level 2.6 Dodging
 - Level 2.1 Stealth
 + Level 3.6 Spellcasting
 + Level 5.2 Summonings


You had 5 spell levels left.
You knew the following spells:

 Your Spells              Type           Power      Damage    Failure   Level
a - Summon Small Mammal   Summ           76%        N/A       1%          1
b - Call Imp              Summ           19%        N/A       3%          2
c - Call Canine Familiar  Summ           19%        N/A       6%          3

Your spell library contained the following spells:

 Spells                   Type           Power      Damage    Failure   Level
 Summon Guardian Golem    Hex/Summ       11%        N/A       19%         3
 Summon Lightning Spire   Summ/Air       11%        N/A       52%         4


Dungeon Overview and Level Annotations

Branches:
Dungeon (3/15)

Altars:
Trog
Yredelemnul

Shops:
D:2 (([   D:3 [

Annotations:
D:3 Natasha


Innate Abilities, Weirdness & Mutations

((You are very nimble when in or above water. (Stealth+, EV+, Speed+++)))
Your lower body shifts to a powerful aquatic tail in water.


Message History

Reach: q) +0 halberd
Press: ? - help, Dir - move target, f - Natasha
Aim: Natasha, carrying a wand of roots (8) (ally target, about 60% to evade your +0 halberd)
You reach to attack!
You hit Natasha.
Natasha is moderately wounded.
Your bat completely misses Natasha.
Your hound bites Natasha.
Natasha claws your hound!
The grasping roots constrict your hound.
Your hound dies!
Your hound's corpse disappears in a puff of smoke!
The grasping roots constrict you.
* * * LOW HITPOINT WARNING * * *
You escape the roots grasp.
Your bat closely misses Natasha.
Natasha zaps a wand.
The roots erupt in riotous growth!
Roots grab your shadow imp.
Natasha is unaffected.
Roots grab your bat.
The grasping roots constrict your shadow imp.
The grasping roots constrict your bat.
Your bat dies!
Your bat's corpse disappears in a puff of smoke!
Your shadow imp closely misses Natasha.
Natasha claws your shadow imp.
The grasping roots constrict your shadow imp.
Your shadow imp dies!
Your shadow imp disappears in a puff of smoke!
Casting: Call Canine Familiar (dangerous; 6% risk of failure)
Confirm with . or Enter, or press ? or * to list all spells.
Natasha zaps a wand.
The roots erupt in riotous growth!
The grasping roots grab you! Roots grab your rat.
The grasping roots constrict your rat.
Your rat dies!
Your rat's corpse disappears in a puff of smoke!
The grasping roots constrict you.
* * * LOW HITPOINT WARNING * * *
Magic courses through your body.
Natasha mumbles some strange words.
Natasha's front paws start to glow.
The grasping roots constrict you.
You die...

. #....# # #....#
.# #....# .##
#....# ..## #.>..#
##### ...# #>...#
#...# .....##....#
#.@ยง#
#..........####...#
#######.##...##h..#
....###....#......#
#.................#
...........####...#
#..........# #...#
#..........# #...#
...........# #...#


You could see Natasha.

Vanquished Creatures
  An iguana (D:3)
  Robin (D:3)
  A ball python (D:3)
  An endoplasm (D:2)
  2 giant cockroaches (D:1)
  2 hobgoblins
  A bat (D:2)
  A rat (D:2)
10 creatures vanquished.

Vanquished Creatures (collateral kills)
  Natasha (twice) (D:3)
  4 adders
  2 worms
  2 dart slugs (D:1)
  An orc (D:3)
  4 endoplasms
  2 giant cockroaches
  13 goblins
  5 hobgoblins
  7 kobolds
  A quokka (D:1)
  3 ball pythons
  4 frilled lizards
  6 rats
56 creatures vanquished.

Vanquished Creatures (others)
  4 withered plants (D:3)
4 creatures vanquished.

Grand Total: 70 creatures vanquished

Notes
Turn   | Place    | Note
-------+----------+-------------------------------------------
     0 | D:1      | NinjaNoafa the Merfolk Summoner began the quest for the
                  | Orb.
     0 | D:1      | Reached XP level 1. HP: 13/13 MP: 3/3
    63 | D:1      | Reached XP level 2. HP: 19/19 MP: 1/5
    69 | D:1      | Learned a level 2 spell: Call Imp
   452 | D:1      | Reached XP level 3. HP: 23/24 MP: 6/6
   775 | D:1      | Learned a level 3 spell: Call Canine Familiar
   853 | D:2      | Found Qozakeog's Antique Armour Shoppe.
  1106 | D:2      | Found Xoiroga's Weapon Shoppe.
  1109 | D:2      | Found Fafew's Weapon Shop.
  1148 | D:2      | Reached XP level 4. HP: 30/30 MP: 0/8
  1465 | D:3      | Noticed Robin
  1478 | D:3      | Killed Robin
  1479 | D:3      | Reached skill level 1 in Polearms
  1479 | D:3      | Reached skill level 5 in Summonings
  1519 | D:3      | Found a bloodstained altar of Trog.
  1599 | D:3      | Reached XP level 5. HP: 35/35 MP: 2/10
  1599 | D:3      | Found a basalt altar of Yredelemnul.
  1715 | D:3      | Noticed Natasha
  1757 | D:3      | Found Vaillic's Armour Boutique.
  1804 | D:3      | Killed Natasha
  1818 | D:3      | Noticed Natasha
  1824 | D:3      | Killed Natasha
  1871 | D:3      | Noticed Natasha
  1889 | D:3      | Constricted to death by Natasha

Illustrated notes

Levels and vault maps discovered:
D:1:      minmay_arrival_up_and_down, layout_loops_corners,
          hangedman_decor_push, hangedman_decor_clover_reticule, fountainhead,
          minmay_strange_pillars, minmay_indecisive_spiral
D:2:      layout_rooms, serial_shops, nicolae_shop_advertising_works
          [nicolae_subvault_shop_adworks], shop,
          nicolae_shop_bloodbath_and_beyond
D:3:      layout_rooms, mainiacjoe_overflow_alcove_4, yredelemnul_altar_generic,
          serial_shops, shop, uniq_robin, uniq_natasha

Skill      XL: |  1  2  3  4  5 |
---------------+----------------+-----
Spellcasting   | 3 |  3.6
Polearms       | 2 3 |  3.1
Summonings     | 5 |  5.2
Dodging        | |  2.6
Stealth        | |  2.1

Action                     |  1- 3 |  4- 6 || total
---------------------------+-------+-------++-------
  Melee: Unarmed           |    11 |       ||    11
         Staff             |    30 |     3 ||    33
         Punch             |     1 |       ||     1
         Halberd           |       |    18 ||    18
   Cast: Summon Small Mamm |    35 |    13 ||    48
         Call Imp          |    11 |     7 ||    18
         Call Canine Famil |     2 |    12 ||    14
    Use: Scroll            |       |     1 ||     1
         Potion            |       |     2 ||     2
   Stab: Distracted        |       |     2 ||     2
         Sleeping          |       |     1 ||     1
 Armour: Robe              |    22 |     4 ||    26
  Dodge: Dodged            |    44 |    14 ||    58

Table legend: (Time is in decaauts)
 A = Elapsed time spent in this place.
 B = Non-inter-level travel time spent in this place.
 C = Inter-level travel time spent in this place.
 D = Time resting spent in this place.
 E = Time spent auto-exploring this place.
 F = Levels seen in this place.
 G = Mean time per level.
                   A        B        C        D        E       F      G
               +--------+--------+--------+--------+--------+-----+--------+
         Total |   1903 |   1639 |    264 |      0 |     10 |   3 |  634.3 |
       Dungeon |   1903 |   1639 |    264 |      0 |     10 |   3 |  634.3 |
               +--------+--------+--------+--------+--------+-----+--------+

Top non-repeatable levels by time:
     D:1: 838 daAuts
     D:2: 605 daAuts
     D:3: 459 daAuts
